 Dungeon Crawl Stone Soup version 0.30.0-7-g0c4daa9e05 (webtiles) character file.

Game seed: 1885918280433275199

11889 Atelerd the Covert (level 11, -4/67 HPs)
             Began as an Octopode Earth Elementalist on May 13, 2023.
             Was a Believer of Sif Muna.
             Engulfed by an ice statue's freezing vapour (28 damage)
             ... in an ice cave.
             The game lasted 00:22:22 (12174 turns).

Atelerd the Covert (Octopode Earth Elementalist)   Turns: 12174, Time: 00:22:23

Health: -4/67      AC:  1    Str: 19    XL:     11   Next: 84%
Magic:  17/32      EV: 40    Int: 22    God:    Sif Muna [**....]
Gold:   548        SH:  0    Dex: 12    Spells: 11/26 levels left

rFire   . . .        F - +7 rapier "Zadghogo" {heavy, Fly Str+5}
rCold   . . .        (no shield)
rNeg    . . .        (helmet restricted)
rPois   .            n - amulet of the acrobat
rElec   .            g - +5 ring of evasion
rCorr   .            y - +6 ring of strength
SInv    .            x - +5 ring of evasion
Will    +....        B - ring "Rykoxac" {Will+ MP+9}
Stlth   ++++++       (no ring)
HPRegen 0.31/turn    (no ring)
MPRegen 0.23/turn    (no ring)
                     (no ring)

%: acrobat
@: acrobatic, flying
A: almost no armour, amphibious, 8 rings, camouflage 1, gelatinous body 1,
(nimble swimmer 1), tentacles
a: Renounce Religion, Channel Magic


You were in an ice cave.
You worshipped Sif Muna.
Sif Muna was pleased with you.
You visited 2 branches of the dungeon, and saw 12 of its levels.
You also visited: Ice Cave.

You collected 782 gold pieces.
You spent 234 gold pieces at shops.

Inventory:

Hand Weapons
 u - a +1 short sword of venom
 F - the +7 rapier "Zadghogo" (weapon) {heavy, Fly Str+5}
   (You bought it in a shop on level 2 of the Dungeon)

   Str:       It affects your strength (+5).
   Fly:       It grants you flight.
 M - a +2 short sword of electrocution
Missiles
 c - 2 throwing nets
Armour
 b - a +0 buckler
 p - a +0 buckler of cold resistance
Jewellery
 g - a +5 ring of evasion (left tentacle)
 n - an amulet of the acrobat (around mantle)
 x - a +5 ring of evasion (on tentacle)
 y - a +6 ring of strength (right tentacle)
 B - the ring "Rykoxac" (on tentacle) {Will+ MP+9}
   (You found it on level 6 of the Dungeon)

   [ring of willpower]

   MP:        It affects your magic capacity (+9).
   Will:      It increases your willpower.
Wands
 k - a wand of mindburst (18)
 C - a wand of light (13)
 I - a wand of flame (24)
 L - a wand of polymorph (1)
Scrolls
 d - 6 scrolls of teleportation
 f - a scroll of fear
 h - 2 scrolls of amnesia
 i - 3 scrolls of enchant weapon
 l - 2 scrolls of enchant armour
 o - 5 scrolls of blinking
 s - 4 scrolls of magic mapping
 D - 2 scrolls of brand weapon
 E - a scroll of silence
 H - 2 scrolls of fog
 J - a scroll of noise
Potions
 a - 2 potions of magic
 e - 2 potions of curing {unknown}
 j - a potion of lignification
 m - 2 potions of flight {unknown}
 q - 3 potions of berserk rage
 r - 2 potions of heal wounds {unknown}
 t - 2 potions of ambrosia {unknown}
 v - 4 potions of mutation {unknown}
 w - a potion of brilliance {unknown}
 z - a potion of invisibility {unknown}
 A - 3 potions of attraction {unknown}
 G - 3 potions of haste
 K - 3 potions of degeneration {unknown}


   Skills:
 - Level 3.0 Fighting
 - Level 4.0 Short Blades
 - Level 7.0 Dodging
 - Level 12.0 Stealth
 - Level 3.0 Shields
 - Level 8.0 Spellcasting
 - Level 2.0 Conjurations
 - Level 4.0 Transmutations
 - Level 2.0 Air Magic
 + Level 9.2 Earth Magic
 - Level 1.0 Poison Magic
 - Level 5.0 Invocations


You had 11 spell levels left.
You knew the following spells:

 Your Spells              Type           Power      Damage    Failure   Level
a - Sandblast             Erth           98%        2d20      1%          1
b - Mephitic Cloud        Conj/Pois/Air  16%        N/A       12%         3
l - Lee's Rapid Deconstr  Erth           24%        3d13*     4%          5
p - Petrify               Tmut/Erth      37%        N/A       4%          4
w - Passwall              Tmut/Erth      30%        N/A       1%          2

Your spell library contained the following spells:

 Spells                   Type           Power      Damage    Failure   Level
 Stone Arrow              Conj/Erth      66%        3d11      2%          3
 Magic Dart               Conj           68%        1d6       3%          1
 Shock                    Conj/Air       68%        1d7       3%          1
 Swiftness                Air            17%        N/A       10%         3
 Call Imp                 Summ           16%        N/A       11%         2
 Volatile Blastmotes      Fire/Tloc      16%        2d11      22%         3
 Airstrike                Air            8%         2d(2-18)  32%         4
 Fulminant Prism          Conj/Hex       6%         3d7       43%         4
 Iskenderun's Mystic Bla  Conj/Tloc      13%        2d5       43%         4
 Chain Lightning          Conj/Air       8%         3d11      100%        9
 Fire Storm               Conj/Fire      6%         8d2       100%        9
 Shatter                  Erth           24%        3d21*     100%        9


Dungeon Overview and Level Annotations

Branches:
Dungeon (11/15)            Temple (1/1) D:7            Lair (0/5) D:8
    Orc (0/2) D:9           IceCv (1/1)

Altars:
Ashenzari
Cheibriados
Dithmenos
Elyvilon
Fedhas
Gozag
Hepliaklqana
Kikubaaqudgha
Makhleb
Nemelex Xobeh
Okawaru
Qazlal
Ru
Sif Muna
Trog
Uskayaw
Vehumet
Wu Jian
Xom
Yredelemnul
Zin
The Shining One

Shops:
D:2 (   D:6 :   D:7 **   D:9 [

Annotations:
D:3 exclusion: 2 downstairs
D:5 2 transporters
D:6 exclusion: downstairs IceCv exclusion: ice statue


Innate Abilities, Weirdness & Mutations

You cannot wear most types of armour.
You are amphibious.
You can wear up to eight rings at the same time.
Your skin changes colour to match your surroundings (Stealth+).
Your rubbery body absorbs attacks. (AC +1, EV +1)
((You are camouflaged when in or above water. (Stealth+)))
You have tentacles for arms and can constrict up to eight enemies at once.


Message History

You blow up the ice statue!
Sif Muna accepts your kill.
You are engulfed in freezing vapours.
You start resting.
HP restored.
You start resting.
Magic restored.
You now have 532 gold pieces (gained 10).
You now have 548 gold pieces (gained 16).
You see here a +0 whip.
An ice statue comes into view.
Marking area around an ice statue as unsafe for travelling.
Casting: Lee's Rapid Deconstruction (dangerous; 4% risk of failure)
Confirm with . or Enter, or press ? or * to list all spells.
Aiming: Lee's Rapid Deconstruction (dangerous; 4% risk of failure)
Press: ? - help, Dir - move target, f - ice statue Fragment what (e.g. wall or brittle monster)?: an ice statue (unaware, hasn't noticed you)
The ice statue shatters!
The ice statue is moderately damaged.
You hear a horrible gurgling sound!
Casting: Lee's Rapid Deconstruction (dangerous; 4% risk of failure)
Confirm with . or Enter, or press ? or * to list all spells.
Aiming: Lee's Rapid Deconstruction (dangerous; 4% risk of failure)
Press: ? - help, Dir - move target, f/p - ice statue Fragment what (e.g. wall or brittle monster)?: an ice statue (moderately damaged)
The ice statue shatters!!
The ice statue is heavily damaged.
The ice statue gestures at you. The freezing blast engulfs you!!
Casting: Lee's Rapid Deconstruction (dangerous; 4% risk of failure)
Confirm with . or Enter, or press ? or * to list all spells.
Aiming: Lee's Rapid Deconstruction (dangerous; 4% risk of failure)
Press: ? - help, Dir - move target, f/p - ice statue Fragment what (e.g. wall or brittle monster)?: an ice statue (heavily damaged)
The ice statue shatters!
The ice statue is severely damaged.
You are engulfed in freezing vapours.
Unknown command.
You are engulfed in freezing vapours.
You die...

############# #######
##.....#..)..## ##.....#
#......#)§....###......#
......☼#○......#.......#
......§☼○.........∩..∩.#
......°#@......#.......#
#....☼.#.☼....###......#
##....8#..)..## ##.....#
############# #######


There were no monsters in sight!

Vanquished Creatures
  A fire dragon (D:10)
  Erica (D:10)
  2 two-headed ogres
  A deep elf pyromancer (D:10)
  2 ugly things
  An ice statue (IceCv)
  Joseph (D:10)
  Maggie (D:7)
  A kobold demonologist (D:11)
  A komodo dragon (D:10)
  A troll (D:10)
  A vampire (D:9)
  4 yaks
  A shadow (D:10)
  3 wyverns
  A human (D:10)
  A hog (D:10)
  A wraith (D:9)
  3 steam dragons
  A harpy simulacrum (IceCv)
  Duvessa (D:7)
  2 water moccasins
  3 ice beasts
  7 orc warriors (D:9)
  3 black bears (D:8)
  3 ogres
  A phantom (D:7)
  3 centaurs
  2 scorpions
  A bullfrog (D:9)
  3 gnoll sergeants
  A cane toad simulacrum (IceCv)
  A two-headed ogre simulacrum (D:11)
  4 wights
  Dowan (D:7)
  An elephant simulacrum (IceCv)
  5 killer bees (D:10)
  A howler monkey (D:10)
  5 orc priests
  A gnoll bouda (D:7)
  5 hounds
  Jessica (D:2)
  4 sleepcaps
  4 iguanas
  9 orc wizards
  A troll simulacrum (D:11)
  2 polar bear simulacra (IceCv)
  A wolf simulacrum (IceCv)
  Robin (D:3)
  20 gnolls
  12 adders
  2 white imps
  32 orcs
  13 endoplasms
  5 giant cockroaches
  8 hobgoblins
  5 jackals
  11 kobolds
  5 quokkas
  7 ball pythons
  4 bats
  4 frilled lizards (D:1)
  16 goblins
  6 rats
  A spectral orc (D:5)
257 creatures vanquished.

Notes
Turn   | Place    | Note
-------+----------+-------------------------------------------
     0 | D:1      | Atelerd the Octopode Earth Elementalist began the quest for
                  | the Orb.
     0 | D:1      | Reached XP level 1. HP: 11/11 MP: 3/3
   250 | D:1      | Reached XP level 2. HP: 17/17 MP: 0/5
   344 | D:1      | Reached skill level 3 in Stealth
   531 | D:1      | Reached XP level 3. HP: 21/21 MP: 3/6
   567 | D:1      | Learned a level 2 spell: Passwall
  1021 | D:2      | Reached XP level 4. HP: 27/27 MP: 3/7
  1082 | D:2      | Noticed Jessica
  1092 | D:2      | HP: 1/27 [Jessica/nerve-wracking pain (5)]
  1096 | D:2      | Killed Jessica
  1291 | D:2      | Found Pueniyng's Antique Weapon Boutique.
  1338 | D:2      | Found a sparkling altar of Nemelex Xobeh.
  1615 | D:3      | Reached XP level 5. HP: 31/31 MP: 2/8
  1620 | D:3      | Learned a level 4 spell: Petrify
  1728 | D:3      | Found a faded altar of an unknown god.
  1835 | D:3      | Noticed Robin
  2151 | D:3      | Killed Robin
  2152 | D:3      | Reached skill level 4 in Stealth
  2841 | D:4      | Found a glowing golden altar of the Shining One.
  2843 | D:4      | Found an iron altar of Okawaru.
  3089 | D:4      | Noticed an ogre
  3313 | D:4      | Reached XP level 6. HP: 34/36 MP: 0/10
  3784 | D:4      | Reached XP level 7. HP: 41/41 MP: 9/12
  3900 | D:4      | Reached skill level 5 in Stealth
  3900 | D:4      | Reached skill level 5 in Earth Magic
  4381 | D:5      | Entered Level 5 of the Dungeon
  4468 | D:5      | Found a transporter.
  4522 | D:5      | Reached skill level 6 in Stealth
  4796 | D:5      | Reached XP level 8. HP: 46/46 MP: 10/14
  4869 | D:5      | Found a transporter.
  4937 | D:5      | Reached skill level 7 in Stealth
  5041 | D:5      | Found a hazy altar of Hepliaklqana.
  5128 | D:6      | Reached skill level 5 in Spellcasting
  5277 | D:6      | Identified the ring "Rykoxac" {Will+ MP+9}
  5656 | D:6      | Reached skill level 8 in Stealth
  5750 | D:6      | Found Aneme's Book Shop.
  6083 | D:2      | Bought a faintly glowing rapier for 234 gold pieces
  6083 | D:2      | Identified the +7 rapier "Zadghogo" {heavy, Fly Str+5} (You
                  | bought it in a shop on level 2 of the Dungeon)
  6228 | D:7      | Noticed Duvessa
  6228 | D:7      | Noticed Dowan
  6288 | D:7      | Found Duyrhoc's Desiderata Depot.
  6290 | D:7      | Killed Dowan
  6373 | D:7      | Found an opulent altar of Gozag.
  6373 | D:7      | Found Gozag's Platinum Reserve.
  6380 | D:7      | Noticed Maggie
  6393 | D:7      | Killed Maggie
  6394 | D:7      | Reached skill level 1 in Fighting
  6394 | D:7      | Reached XP level 9. HP: 25/53 MP: 10/17
  6778 | D:7      | Killed Duvessa
  7119 | D:7      | Reached skill level 9 in Stealth
  7208 | D:7      | Found a staircase to the Ecumenical Temple.
  7421 | Temple   | Entered the Ecumenical Temple
  7484 | Temple   | Became a worshipper of Sif Muna the Loreminder
  7648 | D:8      | Found a staircase to the Lair.
  7758 | D:8      | Reached skill level 5 in Dodging
  7867 | D:8      | Reached skill level 10 in Stealth
  8088 | D:8      | Reached XP level 10. HP: 60/60 MP: 20/20
  8590 | D:9      | Noticed a two-headed ogre
  8595 | D:9      | Reached skill level 11 in Stealth
  8600 | D:9      | Killed a two-headed ogre
  8601 | D:9      | Reached skill level 12 in Stealth
  8646 | D:9      | Found a white marble altar of Elyvilon.
  8674 | D:9      | Reached * piety under Sif Muna
  8875 | D:9      | Found Lugh's Armour Shop.
  8982 | D:9      | Reached skill level 1 in Shields
  8982 | D:9      | Reached skill level 1 in Invocations
  9170 | D:9      | Found a staircase to the Orcish Mines.
  9193 | D:9      | Learned a level 5 spell: Lee's Rapid Deconstruction
  9197 | D:9      | Learned a level 3 spell: Mephitic Cloud
  9359 | D:9      | Found a shimmering altar of Xom.
  9815 | D:9      | Reached skill level 1 in Poison Magic
  9864 | D:9      | Reached skill level 1 in Conjurations
  9864 | D:9      | Reached skill level 1 in Air Magic
 10114 | D:10     | Entered Level 10 of the Dungeon
 10127 | D:10     | Noticed a two-headed ogre
 10136 | D:10     | Killed a two-headed ogre
 10254 | D:10     | Noticed a white ugly thing
 10261 | D:10     | Noticed Joseph
 10269 | D:10     | Killed a white ugly thing
 10270 | D:10     | Reached XP level 11. HP: 67/67 MP: 17/22
 10342 | D:10     | Killed Joseph
 10583 | D:10     | Noticed a fire dragon
 10587 | D:10     | Noticed Erica
 10649 | D:10     | Reached ** piety under Sif Muna
 10798 | D:10     | Noticed a deep elf pyromancer
 10803 | D:10     | Killed a deep elf pyromancer
 11183 | D:10     | Killed a fire dragon
 11196 | D:10     | Killed Erica
 11616 | D:11     | Found a frozen archway.
 11634 | D:11     | Noticed a sixfirhy
 11741 | IceCv    | Entered an ice cave
 11744 | IceCv    | Reached skill level 5 in Invocations
 11849 | IceCv    | Noticed a white ugly thing
 11865 | IceCv    | Killed a white ugly thing
 12174 | IceCv    | Engulfed by an ice statue's freezing vapour

Illustrated notes

Levels and vault maps discovered:
D:1:      roderic_crossed_star, layout_rooms, minmay_hedge_maze,
          minmay_surrounded
D:2:      layout_rooms, basic_altar, serial_shops, nicolae_shop_back_alley_shop,
          uniq_jessica
D:3:      minmay_evil_eye, layout_loops_ring, hellmonk_ecumenical_altar_blasted,
          bh_walls_and_bars, uniq_robin
D:4:      layout_layer_cave, grunt_temple_overflow_open
D:5:      gammafunk_wand_slinger, layout_cave_pools,
          nicolae_hepliaklqana_monster_ancestors
D:6:      layout_loops_ring, serial_shops, nicolae_book_shop_shelving,
          chequers_mini_garden
D:7:      layout_cave_pools, nicolae_gozag_zags_fifth_avenue,
          minmay_temple_entry_enclosed_plants, supply_closet_lemuel,
          minmay_parallelograms, nicolae_alphabet_shops, uniq_maggie,
          uniq_duvessa
D:8:      layout_cave_pods, david_lair_generic, minmay_statues_item
D:9:      layout_grid_maze, elyvilon_altar_1, tgw_xom, orc_david_3
D:10:     layout_rooms, small_chamber_with_monster, minivault_5,
          grunt_livestock, minmay_fractal_squares_diagonal_5, uniq_joseph,
          uniq_erica
D:11:     layout_stronghold, portal_ice_cave_entry_ice_simulacra
Temple:   nicolae_temple_x_marks_the_god
IceCv:    ice_cave_statue_garden_chambered

Skill      XL: |  1  2  3  4  5  6  7  8  9 10 11 |
---------------+----------------------------------+-----
Stealth        | 3 4 6 8 10 12 | 12.0
Dodging        | 3 5 7 |  7.0
Transmutations | 2 3 4 |  4.0
Spellcasting   | 3 4 5 6 7 8 |  8.0
Earth Magic    | 4 6 7 9 |  9.2
Fighting       | 1 2 3 |  3.0
Short Blades   | 2 3 4 |  4.0
Shields        | 2 3 |  3.0
Invocations    | 2 5 |  5.0
Poison Magic   | 1 |  1.0
Conjurations   | 1 2 |  2.0
Air Magic      | 1 2 |  2.0

Action                     |  1- 3 |  4- 6 |  7- 9 | 10-12 || total
---------------------------+-------+-------+-------+-------++-------
  Melee: Unarmed           |     4 |       |       |       ||     4
         Dagger            |    29 |       |       |       ||    29
         Tentacles         |     8 |     8 |    21 |    12 ||    49
         Constrict         |    10 |     8 |    13 |    11 ||    42
         Rapier            |       |     5 |    28 |    58 ||    91
         Short sword       |       |    23 |    42 |       ||    65
         Punch             |       |     1 |     2 |     1 ||     4
   Cast: Sandblast         |    44 |    85 |   114 |    93 ||   336
         Passwall          |     2 |       |       |       ||     2
         Petrify           |       |     8 |    29 |    57 ||    94
         Mephitic Cloud    |       |       |       |     3 ||     3
         Lee's Rapid Decon |       |       |       |    21 ||    21
  Evoke: Wand              |       |       |       |     4 ||     4
    Use: Potion            |       |     2 |     1 |       ||     3
         Scroll            |       |     1 |     4 |     8 ||    13
   Stab: Sleeping          |     1 |       |     7 |     4 ||    12
         Petrified         |       |     9 |    45 |    41 ||    95
         Petrifying        |       |       |     1 |     1 ||     2
 Armour: Skin              |     3 |     9 |     5 |       ||    17
  Dodge: Dodged            |    90 |    72 |    82 |   120 ||   364
